 Dungeon Crawl Stone Soup version 0.30.1-3-gfc49f6343a (webtiles) character file.

Game seed: 14066136234907822210

32 Revguard the Magician (level 3, 28/28 HPs)
             Began as a Djinni Warper on June 21, 2023.
             Got out of the dungeon alive.
             The game lasted 00:09:25 (825 turns).

Revguard the Magician (Djinni Warper)                Turns: 825, Time: 00:09:25

Health: 28/28      AC:  3    Str: 10    XL:     3   Next: 42%
Gold:   101        EV: 12    Int: 14    God:
                   SH:  0    Dex: 14

rFire   + + .        a - +0 short sword
rCold   x . .        (no shield)
rNeg    . . .        b - +0 leather armour
rPois   ∞            (no helmet)
rElec   .            (no cloak)
rCorr   .            (no gloves)
SInv    .            (boots unavailable)
Will    .....        (no amulet)
Stlth   +            (no ring)
HPRegen 0.24/turn    (no ring)
MPRegen 0.00/turn

%: no passive effects
@: flying
A: sickness immunity, fire resistance 2, cold vulnerability 1, float, innate
caster, HP casting, extra vitality 1
a: no special abilities


You escaped.
You visited 1 branch of the dungeon, and saw 1 of its levels.

You collected 101 gold pieces.

Inventory:

Hand Weapons
 a - a +0 short sword (weapon)
Missiles
 d - 7 boomerangs of dispersal
Armour
 b - a +0 leather armour (worn)
Scrolls
 c - a scroll of blinking
 f - a scroll of identify {unknown}
 j - a scroll of magic mapping {unknown}
Potions
 e - a potion of berserk rage {unknown}
 g - a potion of curing {unknown}
 h - a potion of haste {unknown}
 i - a potion of degeneration {unknown}


   Skills:
 + Level 2.2 Fighting
 + Level 2.0 Short Blades
 - Level 0.7 Throwing
 + Level 1.3 Armour
 + Level 2.4 Dodging
 + Level 0.5 Stealth
 * Level 2.7 Spellcasting
 + Level 0.7 Invocations


You knew the following spells:

 Your Spells              Type           Power      Damage    Failure   Level
a - Blink                 Tloc           18%        N/A       14%         2
b - Lesser Beckoning      Tloc           18%        N/A       14%         2
c - Vhi's Electric Charg  Tloc/Air       18%        N/A       28%         3
d - Teleport Other        Tloc           9%         N/A       28%         3
e - Manifold Assault      Tloc           9%         N/A       67%         4
f - Slow                  Hex            36%        N/A       10%         1
Your spell library was empty.

Dungeon Overview and Level Annotations

Branches:
Dungeon (1/15)

Altars:


Innate Abilities, Weirdness & Mutations

You are immune to sickness and miasma.
You are immune to poison.
Your flesh is very heat resistant. (rF++)
You are vulnerable to cold. (rC-)
You float through the air rather than walking.
You learn spells naturally, not from books.
Your magical power is your life essence.
You have superior vitality. (+4 MHP)


Message History

The rat bites you.
You hit the rat.
You kill the rat!
i - a ruby potion
Found an escape hatch in the floor.
A rat comes into view.
A rat is nearby!
The rat bites you.
You barely miss the rat. The rat bites you but does no damage.
You hit the rat.
You kill the rat!
You see here a rat corpse.
Found an escape hatch in the floor.
j - a scroll labelled ZAUV COIKHUSMO A rat comes into view.
A rat is nearby!
The helpless rat fails to defend itself.
You puncture the rat!
You kill the rat!
Your Short Blades skill increases to level 2!
You see here a rat corpse.
Welcome back, Revguard the Djinni Warper.
Press ? for a list of commands and other information.
Welcome back, Revguard the Djinni Warper.
Press ? for a list of commands and other information.
Welcome back, Revguard the Djinni Warper.
Press ? for a list of commands and other information.
Welcome back, Revguard the Djinni Warper.
Press ? for a list of commands and other information.
Welcome back, Revguard the Djinni Warper.
Press ? for a list of commands and other information.
Welcome back, Revguard the Djinni Warper.
Press ? for a list of commands and other information.
Welcome back, Revguard the Djinni Warper.
Press ? for a list of commands and other information.
Welcome back, Revguard the Djinni Warper.
Press ? for a list of commands and other information.
There is a staircase leading out of the dungeon here.
Are you sure you want to leave the Dungeon?
This will make you lose the game!
You have escaped!

#....####......##
##......#......##
#....##.........÷
#....###.......##
#..............##
#....####.......#
########....####........
#................#######
#.##..#@#>##..##.# #
#.....##.###.....# #
#.##.##### ##.##.#
#.>### ###>.# # #.##.##
#####†##.#######
#..†..###.##............
#.##..##>#.#..##.#.#####
#..................#
#########.........##


There were no monsters in sight!

Vanquished Creatures
  4 bats (D:1)
  2 endoplasms (D:1)
  A giant cockroach (D:1)
  3 goblins (D:1)
  8 hobgoblins (D:1)
  A quokka (D:1)
  A frilled lizard (D:1)
  4 kobolds (D:1)
  4 rats (D:1)
28 creatures vanquished.

Notes
Turn   | Place    | Note
-------+----------+-------------------------------------------
     0 | D:1      | Revguard the Djinni Warper began the quest for the Orb.
     0 | D:1      | Revguard set off with the following spells memorised:
                  | Blink, Lesser Beckoning, Vhi's Electric Charge, Teleport
                  | Other, Manifold Assault.
     0 | D:1      | Reached XP level 1. HP: 18/18 MP: 0/0
    72 | D:1      | Reached XP level 2. HP: 12/23 MP: 0/0
   175 | D:1      | Upgraded the game from 0.30.0-29-ga12c61a403 to
                  | 0.30.0-30-g96aa6591b8
   340 | D:1      | Reached XP level 3. HP: 9/28 MP: 0/0
   340 | D:1      | Learned a level 1 spell: Slow
   802 | D:1      | Upgraded the game from 0.30.0-30-g96aa6591b8 to 0.30.1
   802 | D:1      | Upgraded the game from 0.30.1 to 0.30.1-3-gfc49f6343a
   825 | D:$      | Got out of the dungeon alive.

Illustrated notes

Levels and vault maps discovered:
D:1:      onia_arrival_handbag, layout_rooms

Skill      XL: |  1  2  3 |
---------------+----------+-----
Short Blades   | 2 |  2.0
Fighting       | |  2.2
Throwing       | |  0.7
Armour         | |  1.3
Dodging        | |  2.4
Stealth        | |  0.5
Spellcasting   | |  2.7
Invocations    | |  0.7

Action                     || total
---------------------------++-------
  Melee: Short sword       ||   140
   Stab: Sleeping          ||     1
 Armour: Leather armour    ||    58
  Dodge: Dodged            ||    90
